 Dungeon Crawl Stone Soup version bcrawl-1.13.5 (webtiles) character file.

Game seed: 5082826905518367979

125532 MisterOstroum the Warrior (level 16, -2/149 HPs)
             Began as a Djinni Conjurer on Aug 23, 2019.
             Was a High Priest of Vehumet.
             Succumbed to a redback's poison
             ... on level 3 of the Spider Nest.
             The game lasted 02:23:32 (36820 turns).

MisterOstroum the Warrior (Djinni Conjurer)        Turns: 36820, Time: 02:23:33

Health: -2/149     AC: 16    Str: 16    XL:     16   Next: 41%
Magic:  29/38      EV: 22    Int: 38    God:    Vehumet [*****.]
Gold:   1366       SH: 19    Dex: 12    Spells: 11/39 levels left

rFire    + . .     SeeInvis .   a - +5 demon trident (freeze)
rCold    + . .     Gourm    .   C - +3 shield {AC+3}
rNeg     . . .     Faith    .   Q - +2 robe {rC+ rF+}
rPois    .         Spirit   .   j - +2 helmet
rElec    .         Reflect  +   F - +2 cloak {+Inv}
rCorr    .         Harm     .   x - +2 pair of gloves "Ureiceep" {rF- Int+10}
MR       +....     Rnd*Rage +   (boots unavailable)
Stlth    ++........             d - +3 amulet of reflection
HPRegen  0.34/turn              n - +5 ring of evasion
MPRegen  0.26/turn              J - +4 ring of intelligence

@: brilliant, lethally poisoned (-2 -> -174), berserk cooldown, flying, very
slightly contaminated, slowed, very slow
A: never pass out, berserk 2, blink, blurry vision 2, fire resistance 1, high mp
2, wild magic 3, disrupted magic 1, MP-powered wands, floating
a: Blink, Renounce Religion, Evoke Invisibility


You were on level 3 of the Spider Nest.
You worshipped Vehumet.
Vehumet was extremely pleased with you.
You were not hungry.

You visited 5 branches of the dungeon, and saw 24 of its levels.
You also visited: Sewer, Ice Cave and Volcano.

You collected 2500 gold pieces.
You spent 1134 gold pieces at shops.

Inventory:

Hand Weapons
 a - a +5 demon trident of freezing (weapon)
Missiles
 h - 3392 arrows
 R - a throwing net (quivered) {!f!f}
Armour
 j - a +2 helmet (worn)
 x - the +2 pair of gloves "Ureiceep" (worn) {rF- Int+10}
   (You found it on level 7 of the Dungeon)

   It affects your intelligence (+10).
   It makes you vulnerable to fire.
 C - a +3 shield of protection (worn)
 F - a +2 cloak of invisibility (worn)
 Q - a +2 robe of resistance (worn)
Jewellery
 b - an uncursed ring of insulation
 d - a +3 amulet of reflection (around neck)
 n - a +5 ring of evasion (left hand)
 o - an uncursed ring of see invisible
 J - a +4 ring of intelligence (right hand)
 O - the ring of Atrexeth {Ice Slay+5}
   (You found it on level 6 of the Dungeon)

   [ring of ice]

   It enhances your ice magic.
   It affects your accuracy and damage with ranged weapons and melee attacks
   (+5).
   It makes you vulnerable to fire.
   It protects you from cold.
Wands
 f - a wand of enslavement (7)
 u - a wand of polymorph (7)
 H - a wand of scattershot (4)
 M - a wand of acid (32)
 S - a wand of digging (8)
Scrolls
 i - a scroll of brand weapon {unknown}
 q - 9 scrolls of remove curse {@r2}
 s - 5 scrolls of fog {!r}
 t - 4 scrolls of magic mapping {@r5 !r}
 v - 15 scrolls of teleportation {@r3 !r}
 y - a scroll of amnesia
 z - a scroll of blinking {unknown}
 K - 6 scrolls of fear {!r}
 P - a scroll of immolation
 T - 2 scrolls of silence {unknown}
 Y - a scroll of summoning {unknown}
 Z - a scroll of torment
Potions
 c - 3 potions of brilliance
 g - 3 potions of lignification {@q6}
 k - a potion of magic
 l - 12 potions of curing {@q1 !q}
 p - 11 potions of heal wounds {@q2 !q}
 r - 6 potions of haste {@q4 !q}
 w - 4 potions of agility {@q5 !q}
 A - 3 potions of might {@q3 !q}
 D - 2 potions of ambrosia {unknown}
 E - 3 potions of mutation
 L - 3 potions of degeneration {unknown}
 N - 2 potions of invisibility
 U - a potion of berserk rage
 X - 2 potions of resistance
Miscellaneous
 B - a phantom mirror
 G - a phial of floods
Comestibles
 e - 43 rations {!d}
 W - 2 chunks of flesh


   Skills:
 - Level 15.1 Fighting
   Level 4.3 Short Blades
 + Level 4.6 Polearms
 - Level 10.0 Dodging
 - Level 1.5 Stealth
 - Level 15.0 Shields
 - Level 12.0 Spellcasting
 - Level 12.0 Conjurations
 - Level 9.0 Transmutations
 - Level 3.2 Fire Magic
 - Level 7.1 Evocations


You had 11 spell levels left.
You knew the following spells:

 Your Spells              Type           Power        Failure   Level  Hunger
a - Magic Dart            Conj           ####         1%          1    None
b - Orb of Destruction    Conj           ########..   4%          7    #####..
c - Iskenderun's Mystic   Conj           ########     1%          3    None
d - Irradiate             Conj/Tmut      ########..   1%          5    None
e - Sandblast             Erth           ######       1%          1    None
f - Inner Flame           Hex/Fire       N/A          2%          3    None
g - Bolt of Fire          Conj/Fire      ########..   4%          6    ###....
h - Searing Ray           Conj           ######       1%          2    None

Your spell library contained the following spells:

 Spells                   Type           Power        Failure   Level  Hunger
 Conjure Ball Lightning   Conj/Air       ########..   8%          6    ###....
 Apportation              Tloc           ######       1%          1    None
 Corona                   Hex            ######.      1%          1    None
 Infusion                 Chrm           ######..     1%          1    None
 Slow                     Hex            ######..     1%          1    None
 Summon Butterflies       Summ           ######..     1%          1    None
 Passwall                 Tmut/Erth      ########     1%          2    None
 Conjure Flame            Conj/Fire      ########     1%          3    None
 Dazzling Spray           Conj/Hex       ######       1%          3    None
 Mephitic Cloud           Conj/Pois/Air  #######.     1%          3    None
 Stone Arrow              Conj/Erth      ######       1%          3    None
 Fulminant Prism          Conj/Hex       ########..   1%          4    None
 Blink                    Tloc           N/A          2%          2    None
 Call Imp                 Summ           ######..     2%          2    None
 Ensorcelled Hibernation  Hex/Ice        ######       2%          2    None
 Petrify                  Tmut/Erth      ########     2%          4    None
 Iskenderun's Battlesphe  Conj/Chrm      ########     2%          5    None
 Beckoning                Tloc           ######....   3%          3    None
 Confuse                  Hex            ######..     3%          3    None
 Portal Projectile        Tloc           ######       3%          3    None
 Tukima's Dance           Hex            ######..     3%          3    None
 Force Lance              Tloc           ######..     6%          4    None
 Iron Shot                Conj/Erth      ########..   8%          6    ###....
 Poison Arrow             Conj/Pois      ########..   8%          6    ###....
 Lee's Rapid Deconstruct  Erth           ######....   13%         5    None
 Spellforged Servitor     Conj/Summ      ########..   26%         7    #####..
 Dispersal                Tloc           ######....   41%         6    ###....
 Controlled Blink         Tloc           N/A          100%        8    ######.


Dungeon Overview and Level Annotations

Branches:
Dungeon (12/12)            Temple (0/1) D:7            Lair (6/6) D:9
 Shoals (2/3) Lair:4       Spider (3/3) Lair:3        Slime (0/5) Lair:6
    Orc (1/1) D:8             Elf (0/3) Orc          Vaults (0/3) D:12
 Depths (0/5) D:12

Altars:
Ashenzari
Elyvilon
Fedhas
Gozag
Makhleb
Qazlal
Ru
Sif Muna
Uskayaw
Vehumet
Wu Jian
Xom
Yredelemnul
Zin
The Shining One

Shops:
D:11 :   Orc =:**

Annotations:
D:7 1 runed door
Spider:2 3 runed translucent doors, anything's ghost, adept FrEE; sbaton's ghost, adept FoFi
Spider:3 2 exclusions


Innate Abilities, Weirdness & Mutations

You never pass out after going berserk.
You often lose your temper in combat.
You can translocate small distances at will.
Scrolls take you longer to read.
Your flesh is heat resistant. (rF+)
You have a considerably increased reservoir of magic. (+20% MP)
Your spells are much harder to cast, but much more powerful.
Your casting is slightly disrupted.
You expend magic power (3 MP) to strengthen your wands.
Your body floats in the air.


Message History

The redback bites you but does no damage.
The redback completely misses you. You block the redback's attack.
The redback barely misses you. You block the redback's attack. x2
The redback bites you but does no damage.
The redback misses you.
The redback bites you but does no damage.
You block the redback's attack. The redback completely misses you.
You impale the redback!! You freeze the redback.
You kill the redback!
Vehumet accepts your kill.
You feel your power returning.
You feel very sick. You block the redback's attack.
The redback closely misses you.
The jumping spider leaps!
The redback barely misses you. The redback misses you.
The jumping spider leaps!
The redback bites you! The redback barely misses you.
A redback comes into view.
The redback barely misses you. The redback closely misses you.
You puncture the redback! You freeze the redback.
The redback is severely wounded.
You feel very sick. The redback completely misses you. The redback bites you!
You block the redback's attack. x3; The redback completely misses you.
Unknown command.
You closely miss the redback.
You feel very sick.
You block the redback's attack. x2; The redback bites you!!
The jumping spider leaps!
The redback misses you. x2
You block the redback's attack. The redback bites you.
The redback completely misses you. The redback bites you. x2
You are more poisoned.
The redback poisons you!
You puncture the redback! You freeze the redback.
The redback is severely wounded.
You feel extremely sick.
You block the redback's attack. x2; The redback barely misses you. x2
You block the redback's attack. x2; The redback misses you.
You impale the redback!! You freeze the redback.
You kill the redback!
Vehumet accepts your kill.
You feel extremely sick. The redback completely misses you.
You block the redback's attack.
The jumping spider leaps!
The redback completely misses you. You block the redback's attack.
The redback bites you.
You are lethally poisoned!
The redback poisons you! You block the redback's attack. x3
You closely miss the redback.
You feel extremely sick. The redback completely misses you.
You block the redback's attack. x3
The redback barely misses you. The redback closely misses you.
The redback misses you.
The redback bites you but does no damage. x2
You puncture the redback! You freeze the redback.
The redback is heavily wounded.
You feel extremely sick. The redback misses you.
You block the redback's attack. The redback completely misses you.
You block the redback's attack. x2
The jumping spider leaps!
The redback misses you.
You puncture the redback! You freeze the redback.
The redback is almost dead.
* * * LOW HITPOINT WARNING * * *
You feel extremely sick. The redback closely misses you.
You block the redback's attack. The redback bites you!
* * * LOW HITPOINT WARNING * * *
You are more poisoned.
The redback poisons you! You block the redback's attack.
A redback comes into view.
You block the redback's attack. The redback misses you.
You block the redback's attack. The redback bites you.
* * * LOW HITPOINT WARNING * * *
You are more poisoned.
The redback poisons you! You block the redback's attack.
You puncture the redback! You freeze the redback.
You kill the redback!
Vehumet accepts your kill.
You feel your power returning.
* * * LOW HITPOINT WARNING * * *
You feel extremely sick.
You block the redback's attack. x3; The redback bites you.
* * * LOW HITPOINT WARNING * * *
The redback completely misses you.
The redback bites you but does no damage.
The redback bites you.
* * * LOW HITPOINT WARNING * * *
The redback barely misses you.
You puncture the redback! You freeze the redback.
The redback is severely wounded.
* * * LOW HITPOINT WARNING * * *
You feel extremely sick. You block the redback's attack. x4
The redback bites you but does no damage.
The jumping spider leaps!
You completely miss the redback.
The redback is severely wounded.
You are no longer berserk.
You are exhausted.
You feel as though you will be slow longer.
As your rage ends, you feel a sudden clarity.
You die...

,,,,,,,,,,,,,,,,,,.......##
,,,,,,,,,.......,........*
,,,,,,,,............)..##*
,,,,,,.....°.........,**
,*,,,,.....#.......†?**
,,,,,,.^.......s#ss#**
,,,,,,..<.....sswss#
,,,,,,$.......ssss#*
,,,,,,........ss@#*
,,,,,,....#....s##
,,,***#........## *,,*
*#.........# ****
*........^<# *^..#.^...##
*#.........* ##.#....^.#
###....###


You could see an emperor scorpion, a torpor snail, a jumping spider, 2
tarantellas and 10 redbacks.

Vanquished Creatures
  Bai Suzhen (Spider:3)
  A kraken (Shoals:2)
  Polyphemus (Shoals:2)
  2 ghost moths
  5 emperor scorpions
  An entropy weaver (Spider:2)
  A spark wasp (Spider:2)
  2 fire dragons
  A merfolk impaler (Shoals:2)
  A merfolk javelineer (Shoals:1)
  A rakshasa (D:12)
  2 hydras
  8 vault guards (D:12)
  An ice dragon (D:12)
  2 catoblepae
  2 alligators (Shoals:2)
  2 merfolk avatars
  A satyr (Shoals:2)
  2 centaur warriors
  A two-headed ogre (D:10)
  A tengu warrior (D:11)
  5 death yaks
  A hell hog (Volcano)
  An orc high priest (Orc)
  5 sea snakes
  2 cyclopes
  Pikel (D:7)
  A wolf spider zombie (D:9)
  6 harpies
  9 orb spiders
  27 wolf spiders
  3 ugly things
  4 orc sorcerers (Orc)
  An oklob plant (Shoals:1)
  A manticore (D:11)
  4 moths of wrath
  A centaur zombie (D:11)
  2 ice statues (IceCv)
  5 merfolk sirens
  8 elephants
  Maurice (D:9)
  2 molten gargoyles (Volcano)
  3 black mambas
  A water nymph (Shoals:1)
  A gargoyle (D:12)
  2 torpor snails (Spider:1)
  11 cane toads
  2 rime drakes (Lair:3)
  3 komodo dragons
  2 kobold demonologists (D:11)
  7 demonic crawlers
  22 jumping spiders
  4 trolls
  A wind drake (Shoals:2)
  A queen bee (Lair:3)
  4 merfolk
  8 polar bears
  8 hornets
  10 hippogriffs
  2 snapping turtles
  5 dream sheep
  A wyvern (Lair:3)
  A spriggan (D:7)
  32 redbacks
  5 water elementals
  A tarantella (shapeshifter) (D:12)
  22 tarantellas
  Sigmund (D:4)
  39 yaks
  13 fire bats (Volcano)
  3 hungry ghosts
  A steam dragon (D:8)
  2 hell hounds (Volcano)
  13 water moccasins
  6 porcupines
  3 sky beasts
  A phantom (D:6)
  16 orc warriors
  A hornet zombie (D:10)
  6 ice beasts (IceCv)
  A black bear (shapeshifter) (D:12)
  5 black bears
  14 ogres
  A necrophage (D:5)
  13 centaurs
  6 crocodiles
  13 bullfrogs
  A gnoll sergeant (D:8)
  10 big kobolds
  A wyvern zombie (D:8)
  4 scorpions
  27 killer bees
  3 wights (D:7)
  A howler monkey (D:7)
  7 lava snakes (Volcano)
  8 crimson imps
  A bullfrog zombie (D:8)
  2 jellies
  A quasit (D:11)
  18 orc priests
  A gnoll shaman (D:4)
  3 hounds
  5 iguanas
  33 orc wizards
  A centaur skeleton (D:9)
  Terence (D:3)
  2 worker ants (D:5)
  A howler monkey zombie (D:5)
  A worker ant zombie (D:5)
  4 gnolls (D:8)
  A howler monkey skeleton (D:4)
  10 adders
  5 oozes
  5 adder skeletons
  An adder zombie (D:8)
  3 worms (D:2)
  3 dart slugs
  9 leopard geckos
  59 orcs
  12 bats
  6 giant cockroaches
  4 goblins
  9 hobgoblins
  12 jackals
  6 quokkas
  2 ball pythons
  6 frilled lizards
  52 kobolds
  A leopard gecko zombie (D:3)
  10 rats
  A plant (Lair:2)
  A tentacle (Shoals:2)
800 creatures vanquished.

Vanquished Creatures (others)
  A cyclops (D:11)
  2 slaves (D:7)
  An ogre (D:7)
  A necrophage (D:7)
  A centaur (Shoals:1)
  An orc priest (D:6)
  9 fungi
  15 plants
  23 tentacles (Shoals:2)
  3 withered plants (Spider:2)
57 creatures vanquished.

Grand Total: 857 creatures vanquished

Notes
Turn   | Place    | Note
-------+----------+-------------------------------------------
     0 | D:1      | MisterOstroum the Djinni Conjurer began the quest for the
                  | Orb.
     0 | D:1      | Reached XP level 1. HP: 14/14 MP: 4/4
   172 | D:1      | Reached XP level 2. HP: 22/22 MP: 3/6
   229 | D:1      | Reached skill level 1 in Fighting
   265 | D:1      | Learned a level 2 spell: Searing Ray
   474 | D:1      | Reached skill level 5 in Conjurations
   839 | D:1      | Reached XP level 3. HP: 29/29 MP: 4/7
   896 | D:1      | Learned a level 3 spell: Iskenderun's Mystic Blast
  1927 | D:2      | Gained mutation: Your spells are harder to cast, but more
                  | powerful. [Djinni growth]
  1927 | D:2      | Gained mutation: You can translocate small distances at
                  | will. [Djinni growth]
  1927 | D:2      | Reached XP level 4. HP: 37/37 MP: 5/10
  2472 | D:2      | Found an opulent altar of Gozag.
  2616 | D:3      | Found a glowing drain.
  2625 | Sewer    | Entered a sewer
  3262 | Sewer    | Noticed a big kobold
  3265 | Sewer    | Killed a big kobold
  3265 | Sewer    | Reached XP level 5. HP: 45/45 MP: 3/12
  3475 | D:3      | Reached skill level 5 in Spellcasting
  3703 | D:3      | Noticed Terence
  3864 | D:3      | Reached XP level 6. HP: 52/52 MP: 10/13
  3916 | D:3      | Killed Terence
  4179 | D:3      | Found a shattered altar of Ashenzari.
  4289 | D:3      | Found a burning altar of Makhleb.
  5035 | D:4      | Learned a level 5 spell: Irradiate
  5479 | D:4      | Reached skill level 1 in Transmutations
  5479 | D:4      | Reached XP level 7. HP: 60/60 MP: 8/16
  5581 | D:4      | Noticed Sigmund
  5597 | D:4      | Killed Sigmund
  5597 | D:4      | Reached skill level 5 in Fighting
  6244 | D:5      | Entered Level 5 of the Dungeon
  6581 | D:5      | Reached skill level 5 in Transmutations
  6721 | D:5      | Reached skill level 1 in Evocations
  6721 | D:5      | Gained mutation: Your spells are much harder to cast, but
                  | much more powerful. [Djinni growth]
  6721 | D:5      | Reached XP level 8. HP: 59/68 MP: 16/18
  7593 | D:5      | Found a stormy altar of Qazlal.
  8176 | D:6      | Found a radiant altar of Vehumet.
  8277 | D:6      | Reached skill level 5 in Dodging
  9028 | D:6      | Became a worshipper of Vehumet
  9359 | D:6      | Found a sacrificial altar of Ru.
  9380 | D:6      | Got a brightly glowing brass ring
  9387 | D:6      | Identified the ring of Atrexeth {Ice Slay+5} (You found it
                  | on level 6 of the Dungeon)
  9409 | D:6      | Found a hide-covered altar of Uskayaw.
  9561 | D:7      | Found a white marble altar of Elyvilon.
  9567 | D:7      | Found a glowing silver altar of Zin.
  9586 | D:7      | Noticed a troll
  9949 | D:7      | Found a staircase to the Ecumenical Temple.
 10025 | D:7      | Noticed Pikel
 10045 | D:7      | Killed Pikel
 10045 | D:7      | Reached XP level 9. HP: 78/78 MP: 1/19
 10821 | D:7      | Got a pair of dazzling gloves
 10887 | D:7      | Found a runed door.
 10887 | D:7      | Found a glowing golden altar of the Shining One.
 10887 | D:7      | Noticed an angel
 11253 | D:6      | Found an ornate altar of the Wu Jian Council.
 11279 | D:7      | Identified the +2 pair of gloves "Ureiceep" {rF- Int+10}
                  | (You found it on level 7 of the Dungeon)
 11704 | D:8      | Reached * piety under Vehumet
 11704 | D:8      | Offered knowledge of Flame Tongue by Vehumet.
 11727 | D:8      | Reached XP level 10. HP: 52/91 MP: 1/20
 12082 | D:8      | Reached skill level 10 in Conjurations
 12435 | D:8      | Reached skill level 10 in Fighting
 12621 | D:8      | Offered knowledge of Sandblast by Vehumet.
 12624 | D:8      | Reached ** piety under Vehumet
 12627 | D:8      | Learned a level 1 spell: Sandblast
 12735 | D:8      | Found a staircase to the Orcish Mines.
 12870 | D:8      | Reached skill level 1 in Short Blades
 13205 | D:8      | Found a blossoming altar of Fedhas.
 13772 | D:9      | Noticed Maurice
 13776 | D:9      | Offered knowledge of Ignite Poison by Vehumet.
 13795 | D:9      | Killed Maurice
 14229 | D:9      | Found a shimmering blue altar of Sif Muna.
 14297 | D:9      | Found a glowing golden altar of the Shining One.
 14306 | D:9      | Found a basalt altar of Yredelemnul.
 14359 | D:9      | Found a staircase to the Lair.
 14474 | D:9      | Noticed an angel
 14593 | D:10     | Entered Level 10 of the Dungeon
 14593 | D:10     | Noticed a two-headed ogre
 14617 | D:10     | Reached *** piety under Vehumet
 14624 | D:10     | Reached XP level 11. HP: 67/99 MP: 3/23
 14956 | Lair:1   | Entered Level 1 of the Lair of Beasts
 15329 | Lair:1   | Reached skill level 1 in Shields
 15348 | Lair:1   | Reached skill level 5 in Evocations
 15997 | Lair:1   | Offered knowledge of Inner Flame by Vehumet.
 16002 | Lair:1   | Learned a level 3 spell: Inner Flame
 16980 | Lair:2   | Reached skill level 5 in Shields
 17335 | Lair:2   | Got a crude quarterstaff
 17417 | Lair:2   | Reached **** piety under Vehumet
 17662 | Lair:2   | Gained mutation: Your casting is slightly disrupted.
                  | [Djinni growth]
 17662 | Lair:2   | Gained mutation: Your flesh is heat resistant. (rF+)
                  | [Djinni growth]
 17662 | Lair:2   | Gained mutation: You have an increased reservoir of magic.
                  | (+10% MP) [Djinni growth]
 17662 | Lair:2   | Gained mutation: You have a considerably increased
                  | reservoir of magic. (+20% MP) [Djinni growth]
 17662 | Lair:2   | Reached XP level 12. HP: 97/106 MP: 14/29
 18029 | Lair:3   | Found a frozen archway.
 18084 | IceCv    | Entered an ice cave
 18092 | IceCv    | Offered knowledge of Lightning Bolt by Vehumet.
 18099 | IceCv    | Found a transporter.
 18171 | IceCv    | Found a transporter.
 18928 | Lair:3   | Found a hole to the Spider Nest.
 18952 | Lair:3   | Reached skill level 10 in Dodging
 19168 | Lair:3   | Noticed an eight-headed hydra
 19174 | Lair:3   | Killed an eight-headed hydra
 19675 | Lair:4   | Found a staircase to the Shoals.
 20919 | Lair:6   | Entered Level 6 of the Lair of Beasts
 21116 | Lair:6   | Noticed a seven-headed hydra
 21118 | Lair:6   | Reached XP level 13. HP: 54/114 MP: 11/31
 21140 | Lair:6   | Found a dark tunnel.
 21145 | Volcano  | Entered a volcano
 21367 | Volcano  | Reached ***** piety under Vehumet
 21380 | Volcano  | Offered knowledge of Bolt of Fire by Vehumet.
 21689 | Volcano  | Found a radiant altar of Vehumet.
 21694 | Volcano  | Reached skill level 10 in Spellcasting
 21772 | Volcano  | Noticed a fire dragon
 21778 | Volcano  | Killed a fire dragon
 22237 | D:10     | Found a huge runed gate.
 22273 | D:10     | Found a huge runed gate.
 22273 | D:10     | Found a huge runed gate.
 22278 | D:10     | Found a huge runed gate.
 23200 | D:11     | Found Serrypn's Book Boutique.
 23689 | D:11     | Learned a level 6 spell: Bolt of Fire
 24053 | D:12     | Entered Level 12 of the Dungeon
 24111 | D:12     | Reached skill level 1 in Fire Magic
 24120 | D:12     | Reached skill level 10 in Shields
 24710 | D:12     | Reached XP level 14. HP: 126/126 MP: 13/33
 25509 | D:12     | Found a staircase to the Depths.
 25649 | D:12     | Found a gate to the Vaults.
 26025 | Orc      | Entered the Orcish Mines
 26025 | Orc      | Found a staircase to the Elven Halls.
 26030 | Orc      | Offered knowledge of Bolt of Draining by Vehumet.
 26646 | Orc      | Found Ninwolef's Book Boutique.
 26646 | Orc      | Found Boergh Loafo's Assorted Antiques.
 26646 | Orc      | Found Jarchojua's General Store.
 26649 | Orc      | Found Xaplof's Jewellery Boutique.
 26666 | Orc      | Bought a fizzy brown potion for 29 gold pieces
 26666 | Orc      | Bought a scroll labeled VECIECH TOBAIH for 33 gold pieces
 26666 | Orc      | Bought a bronze ring for 165 gold pieces
 26666 | Orc      | Bought a scroll labeled TUL YHEIW CAH for 33 gold pieces
 26666 | Orc      | Bought a fuming puce potion for 29 gold pieces
 26667 | Orc      | Bought a potion of brilliance for 40 gold pieces
 26667 | Orc      | Bought a potion of agility for 40 gold pieces
 26871 | Orc      | Found a radiant altar of Vehumet.
 28032 | Shoals:1 | Entered Level 1 of the Shoals
 28411 | Shoals:1 | Offered knowledge of Iron Shot by Vehumet.
 28530 | Shoals:1 | Found a shimmering altar of Xom.
 29244 | Shoals:2 | Noticed a kraken
 30361 | Shoals:2 | Reached XP level 15. HP: 132/132 MP: 28/34
 30525 | Shoals:2 | Noticed Polyphemus
 30640 | Shoals:2 | Killed Polyphemus
 30640 | Shoals:2 | Reached skill level 15 in Shields
 31209 | Orc      | Bought a book of Power for 765 gold pieces
 31217 | Orc      | Learned a level 7 spell: Orb of Destruction
 31499 | Shoals:2 | Killed a kraken
 31766 | Spider:1 | Entered Level 1 of the Spider Nest
 32721 | Spider:1 | Reached skill level 1 in Polearms
 32831 | Spider:1 | Noticed a ghost moth
 32857 | Spider:1 | Killed a ghost moth
 34301 | Spider:2 | Offered knowledge of Conjure Ball Lightning by Vehumet.
 34732 | Spider:2 | Found a runed translucent gate.
 34733 | Spider:2 | Found a runed translucent gate.
 34736 | Spider:2 | Found a runed translucent gate.
 34739 | Spider:2 | Noticed anything's ghost (adept FrEE)
 34739 | Spider:2 | Noticed sbaton's ghost (adept FoFi)
 35302 | Spider:2 | Noticed a ghost moth
 35317 | Spider:2 | Killed a ghost moth
 35317 | Spider:2 | Reached skill level 15 in Fighting
 35456 | Spider:2 | Reached XP level 16. HP: 149/149 MP: 28/36
 35976 | Spider:2 | Got a distressingly furry robe
 35987 | Spider:2 | Identified the +2 robe of the Fiddle {rN+ Slay+3} (You
                  | found it on level 2 of the Spider Nest)
 36640 | Spider:3 | Entered Level 3 of the Spider Nest
 36797 | Spider:3 | Noticed Bai Suzhen
 36805 | Spider:3 | Killed Bai Suzhen
 36820 | Spider:3 | Succumbed to a redback's poison

Skill      XL: |  1  2  3  4  5  6  7  8  9 10 11 12 13 14 15 16 |
---------------+-------------------------------------------------+-----
Fighting       | 1 2 3 4 5 6 9 10 12 15 | 15.1
Conjurations   | 5 6 7 9 10 11 12 | 12.0
Spellcasting   | 4 5 6 7 8 9 10 12 | 12.0
Transmutations | 1 5 7 8 9 |  9.0
Evocations     | 1 4 5 7 |  7.1
Dodging        | 5 8 10 | 10.0
Short Blades   | 4 |  4.3
Shields        | 5 8 10 14 15 | 15.0
Fire Magic     | 2 3 |  3.2
Polearms       | 2 4 |  4.6
Stealth        | |  1.5

Action                   |  1- 3 |  4- 6 |  7- 9 | 10-12 | 13-15 | 16-18 || total
-------------------------+-------+-------+-------+-------+-------+-------++-------
Melee: Short sword       |     2 |    64 |    76 |   130 |   141 |    37 ||   450
       Unarmed           |     1 |       |       |       |       |       ||     1
       Demon trident     |       |       |       |       |       |    17 ||    17
 Fire: Blowgun           |       |     4 |     6 |       |       |       ||    10
Throw: Stone             |       |     1 |     1 |     5 |       |       ||     7
       Javelin           |       |       |     1 |       |       |       ||     1
       Tomahawk          |       |       |       |       |     1 |       ||     1
 Cast: Magic Dart        |    77 |   134 |   136 |   118 |    40 |       ||   505
       Iskenderun's Myst |     2 |    17 |    71 |   296 |   637 |    68 ||  1091
       Searing Ray       |     1 |       |     1 |       |       |       ||     2
       Irradiate         |       |       |       |    12 |    24 |    11 ||    47
       Orb of Destructio |       |       |       |       |     5 |     4 ||     9
 Abil: Blink             |       |     1 |       |       |       |       ||     1
Evoke: Wand              |       |       |       |       |     2 |       ||     2
  Use: Scroll            |       |     3 |    10 |    25 |     4 |     4 ||    46
       Potion            |       |       |       |     2 |       |       ||     2
 Stab: Sleeping          |       |       |     1 |       |       |       ||     1
       Petrified         |       |       |       |       |     1 |       ||     1
  Eat: Chunk             |     3 |    11 |     7 |    26 |    27 |       ||    74
       Ration            |       |       |     4 |     2 |     6 |     3 ||    15
Armor: Robe              |     1 |     8 |    10 |    51 |   102 |    26 ||   198
Dodge: Dodged            |    12 |    51 |    67 |   136 |   149 |    80 ||   495
Block: Other             |       |       |       |       |     9 |       ||     9
       Reflection        |       |       |       |       |    12 |       ||    12
       Shield            |       |       |       |       |   189 |   104 ||   293
